AoeStats
← b站江条

Arena

510177374Analyzed
1v1 RM · 2d ago on Sep 29, 2026· 30m 7s· 2 players
Game mode
Random Map
Map size
Tiny (2 player)
Population
200
Speed
Normal
Resources
Standard
Victory
Conquest
Starting age
Dark Age
Ending age
Imperial Age
RankedLock teamsTeams togetherTeam positionsShared explorationLock speedFull tech treeHidden civsTurbo modeCheats
Victory
Defeat
🇺🇸 Spanish · United States
1329
+17
🇨🇳 Maya · China
1343
-17
RealTHF
10:42 Feudal Age
14:23 Castle Age
12:56 Double-Bit Axe
13:25 Horse Collar
14:31 Stone Mining
14:59 Loom
15:44 Bow Saw
21:39 Devotion
22:42 Sanctity
23:12 Padded Archer Armor
26:17 Redemption
32:18 Imperial Age
b站江条
0:26 Loom
10:04 Feudal Age
13:56 Castle Age
14:58 Scale Mail Armor
17:31 Double-Bit Axe
18:44 Bow Saw
21:17 Fletching
21:08 Crossbowman
22:49 Horse Collar
23:48 Bodkin Arrow
26:15 Heavy Plow
30:05 Imperial Age
Connection lost

Rejoining the realm…

Still unreachable

The connection could not be restored.

Session expired

The server has moved on; the page needs a fresh start.